 Dungeon Crawl Stone Soup version 0.18-a0-731-ga019a5f (webtiles) character file.

232145 JokEr the Slayer (level 19, -4/142 HPs)
             Began as a Gargoyle Fighter on Dec 9, 2015.
             Was a High Priest of Okawaru.
             Splashed by a tengu reaver's acid (11 damage)
             ... on level 3 of the Depths.
             The game lasted 03:25:41 (39570 turns).

JokEr the Slayer (Gargoyle Fighter)                Turns: 39570, Time: 03:26:02

Health: -4/142     AC: 37    Str: 30    XL:     19   Next: 53%
Magic:  22/23      EV: 10    Int: 10    God:    Okawaru [*****.]
Gold:   1273       SH:  0    Dex:  9    Spells: 0 memorised, 18 levels left

rFire  . . .     SeeInvis +     S - +7 great mace (crush)
rCold  . . .     Clarity  +     F - +0 plate armour
rNeg   + + +     SustAt   .     (shield currently unavailable)
rPois  ∞         Gourm    .     d - +1 hat {MR+}
rElec  +         Spirit   .     (no cloak)
rCorr  .         Dismiss  .     A - +1 pair of gloves of the Desert {rN+}
rMut   .         Stasis   .     s - +1 pair of boots {Stlth+}
MR     ++++.                    x - amulet of regeneration
Stlth  ..........               q - ring "Niwuiff" {rPois rN+ Slay+3}
                                u - ring of the Ancient Songs {rN+ MR+ Str+3 SInv}

@: heroism, flying, very slightly contaminated, incredibly resistant to hostile
enchantments, extremely unstealthy
A: big wings, clarity, magic resistance 1, negative energy resistance 1,
electricity resistance, unbreathing, petrification resistance, rot immunity, AC
+13
a: Stop Flying, Heroism, Finesse, Renounce Religion
}: 1/15 runes: gossamer


You were on level 3 of the Depths.
You worshipped Okawaru.
Okawaru was extremely pleased with you.
You were full.

You visited 6 branches of the dungeon, and saw 36 of its levels.
You also visited: Ice Cave.

You collected 3838 gold pieces.
You spent 2565 gold pieces at shops.

Inventory:

Hand Weapons
 S - a +7 great mace of crushing (weapon)
Armour
 c - a +2 buckler
 d - a +1 hat of magic resistance (worn)
 s - a +1 pair of boots of stealth (worn)
 A - the +1 pair of gloves of the Desert (worn) {rN+}
   (Okawaru gifted it to you on level 6 of the Lair of Beasts)

   It protects you from negative energy.
 F - a +0 plate armour (worn)
Rods
 p - a +2 rod of inaccuracy (11/11)
   (You took it off a boggart on level 2 of the Depths)
Jewellery
 e - a +3 ring of protection
 q - the ring "Niwuiff" (right hand) {rPois rN+ Slay+3}
   (You found it on level 5 of the Dungeon)

   [ring of poison resistance]

   It affects your accuracy and damage with ranged weapons and melee attacks
   (+3).
   It protects you from poison.
   It protects you from negative energy.
 t - an uncursed amulet of clarity
 u - the ring of the Ancient Songs (left hand) {rN+ MR+ Str+3 SInv}
   (You took it off a wizard on level 2 of the Depths)

   [ring of protection from magic]

   It affects your strength (+3).
   It protects you from negative energy.
   It affects your resistance to hostile enchantments.
   It lets you see invisible.
 x - an amulet of regeneration (around neck)
Wands
 a - a wand of teleportation (7)
 b - a wand of lightning (8)
 i - a wand of polymorph (21)
 j - a wand of invisibility (6)
 l - a wand of digging (3)
 n - a wand of fireball (14)
 o - a wand of confusion (28)
 r - a wand of flame (24)
 w - a wand of digging (7)
 G - a wand of cold (10)
 K - a wand of heal wounds (4)
 N - a wand of slowing (23)
 P - a wand of frost (46)
 V - a wand of paralysis (9)
 W - a wand of enslavement (14)
 Y - a wand of draining (12)
Scrolls
 h - 2 scrolls of teleportation
 m - 6 scrolls of amnesia
 C - 14 scrolls of remove curse
 D - 12 scrolls of enchant armour
 E - a scroll of identify
 I - 2 scrolls of holy word
 U - a scroll of magic mapping
Potions
 k - a potion of brilliance
 z - 6 potions of agility
 J - a potion of magic
 L - 4 potions of flight
 T - 3 potions of cancellation
Miscellaneous
 v - a piece from Xom's chessboard
Comestibles
 M - 5 meat rations
 O - 5 slices of pizza
 Q - 9 beef jerkies
 X - 5 bread rations
 Z - 18 royal jellies


   Skills:
 + Level 23.2(27) Fighting
 + Level 21.6(26.6) Maces & Flails
 - Level 10.7(15.7) Armour
 - Level 3.2(8.2) Shields
 - Level 6.1 Invocations


You had 18 spell levels left.
You didn't know any spells.

Dungeon Overview and Level Annotations

Branches:
Dungeon (15/15)            Temple (1/1) D:7            Lair (8/8) D:8
  Swamp (0/4) Lair:5       Spider (4/4) Lair:4        Slime (0/6) Lair:6
    Orc (4/4) D:9          Vaults (0/5) D:14         Depths (4/5) D:15
    Elf: Orc:3-4

Altars:
Ashenzari
Cheibriados
Dithmenos
Elyvilon
Fedhas
Gozag
Kikubaaqudgha
Makhleb
Nemelex Xobeh
Okawaru
Pakellas
Qazlal
Ru
Sif Muna
Trog
Vehumet
Xom
Yredelemnul
Zin
The Shining One
Beogh
Jiyva

Shops:
D:10 *   D:15 :   Orc:1 [::%   Orc:4 =}[?(   Depths:1 :

Portals:
Hell: Depths:1 Depths:2
Pandemonium: Depths:1
Ziggurat: Depths:2

Annotations:
Depths:3 1 runed door


Innate Abilities, Weirdness & Mutations

You are resistant to torment.
Your stone body is resilient (AC +13).
You are immune to poison.
Your large and strong wings let you fly indefinitely.
You resist negative energy.
You are resistant to electric shocks.
You can survive without breathing.
You are immune to petrification.
You are immune to rotting.
You possess an exceptional clarity of mind.
You are resistant to hostile enchantments.


Message History

You feel strangely unstable.
You found a teleport trap!
Your surroundings suddenly seem different.
A tengu reaver comes into view. It is wielding a war axe.
The tengu reaver shouts!
A yaktaur comes into view.
The yaktaur shouts!
A stone giant comes into view.
The stone giant shouts!
A centaur warrior comes into view.
The centaur warrior shouts!
You hear a shout!
You hear a shout!
The centaur warrior wields a longbow.
The centaur warrior shoots an arrow of flame.
The arrow of flame hits you but does no damage.
The arrow of flame burns you.
* * * LOW HITPOINT WARNING * * *
The tengu reaver gestures at you while chanting.
The bolt of acid hits you!
* * * LOW HITPOINT WARNING * * *
The acid burns!
You die...
C

. . . .#. #######^#######
............... .....Qc.....C..
........c.....! .$...$.@.s.....
################+########
.........................
.........................
.........................
#######†#.#######################
......8.8.......≈≈≈≈##≈≈.........
≈≈≈.....†)≈≈≈≈≈≈≈≈≈≈≈≈≈≈≈≈≈≈≈≈≈≈≈
≈≈≈≈≈≈≈≈≈≈≈≈≈≈≈≈≈≈.≈≈≈....≈≈≈≈≈≈≈


You could see a fire giant, a stone giant, a tengu reaver, a centaur warrior, a
yaktaur and a scorpion.

Vanquished Creatures
  Xtahua (Depths:4)
  4 liches (Depths:2)
  Jorgrun (Spider:3)
  Rupert (Lair:5)
  Frances (D:14)
  A sphinx (Depths:3)
  Kirke (Lair:5)
  A tengu reaver (Depths:3)
  A frost giant (IceCv)
  A deep elf sorcerer (Depths:2)
  Maud (Lair:7)
  A fire giant (Depths:3)
  4 ghost moths (Spider:4)
  Aizul (Spider:4)
  Louise (D:15)
  4 emperor scorpions
  A very ugly thing (Depths:2)
  6 stone giants
  A lorocyproca (Depths:1)
  3 spark wasps
  Snorg (D:11)
  5 ettins
  4 fire dragons
  A yaktaur captain (Depths:1)
  A merfolk impaler (Depths:3)
  2 vault guards (D:14)
  3 great orbs of eyes
  3 entropy weavers
  Harold (Orc:3)
  A quicksilver dragon skeleton (Depths:1)
  2 rakshasas
  11 hydras
  Erolcha (Orc:4)
  8 ice dragons
  A monstrous demonspawn (Depths:1)
  12 ogre magi
  2 spriggan air magi
  7 centaur warriors
  4 catoblepae
  2 deep troll shamans (Depths:3)
  6 tengu warriors
  2 deep troll earth magi
  7 death yaks (Lair:8)
  5 spriggan berserkers
  3 vampire magi (Depths:2)
  Nergalle (Orc:4)
  2 unseen horrors
  2 hill giants
  10 wizards
  5 deep trolls
  The ghost of George the Basher, a novice GrFi of Okawaru (D:7)
  Pikel (D:7)
  A flayed ghost (Depths:3)
  3 orc knights
  4 necromancers
  14 orb spiders
  A salamander (shapeshifter) (Depths:1)
  28 wolf spiders
  13 ugly things
  2 griffons
  2 hornets
  6 orc sorcerers (Orc:4)
  An oklob plant (Lair:4)
  2 manticores
  A moth of wrath (Spider:4)
  A fire giant zombie (Depths:1)
  A cyclops (D:14)
  4 black mambas
  9 elephants
  An ice statue (IceCv)
  A spriggan zombie (Depths:1)
  A centaur zombie (D:11)
  A molten gargoyle (D:15)
  A torpor snail (Lair:4)
  6 komodo dragons
  The ghost of esc the Insei, a novice OpTm (D:5)
  13 spiny frogs
  A tengu conjurer (Depths:1)
  4 trolls
  5 fire drakes
  14 yaktaurs
  An efreet (D:14)
  12 demonic crawlers
  32 jumping spiders
  2 giant leeches (Lair:5)
  10 two-headed ogres
  17 polar bears (IceCv)
  2 queen bees
  19 blink frogs
  7 slime creatures (Depths:1)
  A stone giant simulacrum (Depths:1)
  3 deep elf magi
  19 trapdoor spiders
  3 spriggans
  2 wyverns
  65 redbacks
  20 tarantellas
  15 water elementals
  61 yaks
  Grum (D:8)
  A fire elemental (D:15)
  A shadow (D:14)
  A steam dragon (Lair:2)
  4 hogs (Lair:5)
  21 wolves
  A neqoxec (Depths:1)
  20 humans (D:14)
  7 vampire mosquitoes (D:15)
  6 basilisks
  2 hungry ghosts
  A chaos spawn (Depths:1)
  8 hippogriffs
  A swamp worm (Lair:5)
  A porcupine (shapeshifter) (Depths:2)
  15 water moccasins
  A soldier ant (D:12)
  2 mottled dragons (D:14)
  13 porcupines
  8 wasps
  6 sky beasts
  5 ice beasts
  2 black bears (D:6)
  24 ogres
  17 orc warriors
  11 centaurs
  4 necrophages
  23 crocodiles
  2 phantoms (D:14)
  4 eyes of draining
  An ice dragon simulacrum (Depths:1)
  2 boggarts (Depths:2)
  The ghost of Borgoz the Caller, an amateur DESu (D:3)
  17 giant frogs
  A wyvern skeleton (D:6)
  A scorpion (D:11)
  A water moccasin zombie (D:7)
  39 killer bees
  13 wights
  2 giant frog zombies
  10 crimson imps
  8 electric eels
  4 hounds
  2 quasits
  12 orc priests
  36 orc wizards
  3 giant frog skeletons
  A wasp zombie (D:13)
  4 centaur skeletons
  7 jellies
  14 worker ants
  8 iguanas
  27 sheep
  A killer bee zombie (D:9)
  A hound zombie (D:6)
  2 hound skeletons (D:9)
  14 adders
  82 river rats
  6 shadow imps
  12 white imps (Lair:4)
  8 oozes
  An adder zombie (D:7)
  2 adder skeletons
  4 worms
  5 giant geckos
  145 orcs
  8 bats
  9 goblins
  6 hobgoblins
  11 jackals
  7 kobolds
  3 quokkas
  3 ball pythons
  5 giant cockroaches
  A giant gecko zombie (D:6)
  4 giant newts
  2 jackal skeletons
  A quokka zombie (D:6)
  6 rats
  2 fungi (Lair:8)
  2 plants
1366 creatures vanquished.

Vanquished Creatures (others)
  A deep elf mage (D:9)
  A water moccasin (Lair:6)
  A boggart (Depths:2)
  A worker ant (D:7)
  An orc wizard (Orc:4)
  A quokka skeleton (D:7)
  6 fungi
  12 plants
24 creatures vanquished.

Grand Total: 1390 creatures vanquished

Notes
Turn   | Place    | Note
--------------------------------------------------------------
     0 | D:1      | JokEr the Gargoyle Fighter began the quest for the Orb.
     0 | D:1      | Reached XP level 1. HP: 14/14 MP: 1/1
   104 | D:1      | Reached XP level 2. HP: 19/19 MP: 2/2
   802 | D:2      | Reached skill level 4 in Fighting
   886 | D:2      | Reached XP level 3. HP: 24/24 MP: 3/3
  1378 | D:2      | Reached XP level 4. HP: 30/30 MP: 4/4
  1435 | D:3      | Noticed Borgoz's ghost (amateur DESu)
  1438 | D:3      | Killed Borgoz's ghost
  1438 | D:3      | Reached skill level 5 in Fighting
  1438 | D:3      | Reached XP level 5. HP: 29/35 MP: 5/5
  2124 | D:4      | Noticed an ogre
  2133 | D:4      | Killed an ogre
  2133 | D:4      | Reached XP level 6. HP: 13/41 MP: 6/6
  2383 | D:4      | Reached skill level 6 in Fighting
  2983 | D:4      | Found a basalt altar of Yredelemnul.
  3038 | D:4      | Reached skill level 5 in Maces & Flails
  3160 | D:5      | Entered Level 5 of the Dungeon
  3161 | D:5      | Noticed esc's ghost (novice OpTm)
  3275 | D:5      | Killed esc's ghost
  3275 | D:5      | Reached skill level 7 in Fighting
  3275 | D:5      | Reached XP level 7. HP: 30/48 MP: 7/7
  3377 | D:5      | Got a translucent lapis lazuli ring
  3939 | D:5      | Identified the ring "Niwuiff" {rPois rN+ Slay+3} (You found it on level 5 of the Dungeon)
  4084 | D:6      | Found a white marble altar of Elyvilon.
  4193 | D:6      | Reached XP level 8. HP: 49/54 MP: 8/8
  4771 | D:7      | Reached skill level 8 in Fighting
  4829 | D:7      | Found a sacrificial altar of Ru.
  4860 | D:7      | Found a staircase to the Ecumenical Temple.
  4889 | D:7      | Noticed Pikel
  5059 | D:7      | Noticed George's ghost (novice GrFi)
  5098 | Temple   | Entered the Ecumenical Temple
  5262 | Temple   | Became a worshipper of Warmaster Okawaru
  5324 | D:7      | Killed George's ghost
  5324 | D:7      | Reached * piety under Okawaru
  5324 | D:7      | Reached skill level 9 in Fighting
  5480 | D:6      | Reached XP level 9. HP: 57/61 MP: 9/9
  5746 | D:7      | Reached ** piety under Okawaru
  5746 | D:7      | Reached skill level 10 in Fighting
  5894 | D:7      | Killed Pikel
  6037 | D:7      | Noticed a manticore
  6046 | D:7      | Killed a manticore
  6046 | D:7      | Reached skill level 11 in Fighting
  6311 | D:7      | Reached XP level 10. HP: 69/69 MP: 10/10
  6552 | D:7      | Found a burning altar of Makhleb.
  6682 | D:8      | Reached skill level 10 in Maces & Flails
  6842 | D:8      | Reached *** piety under Okawaru
  6860 | D:8      | Found a staircase to the Lair.
  6893 | D:8      | Noticed Grum
  6932 | D:8      | Killed Grum
  7105 | D:8      | Found an opulent altar of Gozag.
  7158 | D:8      | Reached skill level 12 in Fighting
  7267 | D:8      | Found an oddly glowing altar of Pakellas.
  7310 | D:8      | Found a viscous altar of Jiyva.
  7381 | D:8      | Found a stormy altar of Qazlal.
  7561 | D:8      | Found a blossoming altar of Fedhas.
  7571 | D:8      | Found a shattered altar of Ashenzari.
  7934 | D:9      | Reached **** piety under Okawaru
  7964 | D:9      | Found a staircase to the Orcish Mines.
  7989 | D:9      | Found a roughly hewn altar of Beogh.
  8352 | D:9      | Found a burning altar of Makhleb.
  8490 | D:10     | Entered Level 10 of the Dungeon
  8514 | D:9      | Reached XP level 11. HP: 40/76 MP: 11/11
  8716 | D:10     | Reached skill level 13 in Fighting
  8744 | D:10     | Found Zybaish's Assorted Antiques.
  8765 | D:10     | Bought a scroll of blinking for 240 gold pieces
  8765 | D:10     | Bought a runed great mace for 208 gold pieces
  8787 | D:10     | Reached ***** piety under Okawaru
  9185 | Lair:1   | Entered Level 1 of the Lair of Beasts
  9445 | Lair:1   | Received a gift from Okawaru
  9730 | Lair:1   | Noticed a four-headed hydra
  9738 | Lair:1   | Killed a four-headed hydra
  9900 | Lair:1   | Reached skill level 5 in Invocations
  9915 | Lair:1   | Reached XP level 12. HP: 43/84 MP: 14/16
 10083 | Lair:1   | Received a gift from Okawaru
 11142 | Lair:1   | Reached skill level 5 in Armour
 11256 | Lair:2   | Noticed a six-headed hydra
 11266 | Lair:1   | Killed a six-headed hydra
 12122 | Lair:2   | Reached ****** piety under Okawaru
 12205 | Lair:2   | Received a gift from Okawaru
 12649 | Lair:3   | Noticed a six-headed hydra
 12658 | Lair:3   | Killed a six-headed hydra
 12658 | Lair:3   | Reached skill level 10 in Armour
 12721 | Lair:3   | Noticed an eight-headed hydra
 12735 | Lair:3   | Killed an eight-headed hydra
 12789 | Lair:3   | Noticed a seven-headed hydra
 12804 | Lair:3   | Killed a seven-headed hydra
 12806 | Lair:3   | Reached skill level 14 in Fighting
 13050 | Lair:3   | Reached XP level 13. HP: 90/90 MP: 17/17
 14125 | Lair:4   | Found a frozen archway.
 14232 | IceCv    | Entered an ice cave
 14328 | IceCv    | Received a gift from Okawaru
 14522 | IceCv    | HP: 4/91 [ice statue/freezing blast (16)]
 14782 | IceCv    | Reached skill level 15 in Fighting
 14807 | IceCv    | Noticed a frost giant
 14822 | IceCv    | Killed a frost giant
 15551 | Lair:4   | Found a hole to the Spider Nest.
 15928 | Lair:4   | Gained mutation: You possess an exceptional clarity of mind. [potion of beneficial mutation]
 15929 | Lair:4   | Gained mutation: You are resistant to hostile enchantments. [potion of beneficial mutation]
 16216 | Lair:5   | Found a staircase to the Swamp.
 16439 | Lair:5   | Noticed Kirke
 16456 | Lair:5   | Killed Kirke
 16456 | Lair:5   | Received a gift from Okawaru
 16456 | Lair:5   | Gained mutation: Your large and strong wings let you fly indefinitely. [Gargoyle growth]
 16456 | Lair:5   | Reached XP level 14. HP: 42/99 MP: 16/18
 16496 | Lair:5   | Got a steaming great sword
 16497 | Lair:5   | Identified the +2 great sword "Gemo Laa" {venom, *Noise +Blink rF+++ Str+6} (You found it on level 5 of the Lair of Beasts)
 16656 | Lair:5   | Noticed Rupert
 16663 | Lair:5   | Killed Rupert
 16663 | Lair:5   | Reached skill level 16 in Fighting
 17266 | Lair:6   | Reached skill level 15 in Maces & Flails
 17395 | Lair:6   | Received a gift from Okawaru
 17398 | Lair:6   | Got a pair of smoking gloves {god gift}
 17405 | Lair:6   | Identified the +1 pair of gloves of the Desert {rN+} (Okawaru gifted it to you on level 6 of the Lair of Beasts)
 17668 | Lair:6   | Found a staircase to the Slime Pits.
 18905 | Lair:8   | Entered Level 8 of the Lair of Beasts
 18912 | Lair:8   | Noticed Maud
 18951 | Lair:7   | Killed Maud
 19136 | Lair:8   | Reached skill level 17 in Fighting
 19423 | Lair:8   | Received a gift from Okawaru
 19980 | Lair:8   | Reached XP level 15. HP: 61/107 MP: 19/19
 20295 | Lair:8   | Got an ichor-stained lajatang
 20745 | Lair:1   | Got a crude greatsling {god gift}
 20814 | Orc:1    | Entered Level 1 of the Orcish Mines
 20814 | Orc:1    | Found Zouc's Book Shop.
 20955 | Orc:1    | Found a bloodstained altar of Trog.
 20959 | Orc:1    | Found Hessawupn's Food Shoppe.
 20966 | Orc:1    | Bought a beef jerky for 21 gold pieces
 20966 | Orc:1    | Bought a bread ration for 70 gold pieces
 20966 | Orc:1    | Bought a slice of pizza for 21 gold pieces
 20966 | Orc:1    | Bought a slice of pizza for 21 gold pieces
 20966 | Orc:1    | Bought a meat ration for 70 gold pieces
 20966 | Orc:1    | Bought a beef jerky for 21 gold pieces
 20966 | Orc:1    | Bought a bread ration for 70 gold pieces
 20966 | Orc:1    | Bought a meat ration for 70 gold pieces
 21201 | Orc:1    | Found Cojais's Antique Armour Shoppe.
 21205 | Orc:1    | Bought a brightly glowing ring mail for 261 gold pieces
 21215 | Orc:1    | Identified the +2 ring mail of Trumpets {-Tele rPois rN+++ Dex-4} (You bought it in a shop on level 1 of the Orcish Mines)
 21246 | Orc:1    | Found Dosagulu's Book Boutique.
 21677 | Orc:3    | Noticed Harold
 21685 | Orc:3    | Killed Harold
 21894 | Orc:4    | Entered Level 4 of the Orcish Mines
 21986 | Orc:4    | Found Dexkiery's Antique Armour Boutique.
 22044 | Orc:4    | Found an ancient bone altar of Kikubaaqudgha.
 22045 | Orc:4    | Noticed Nergalle
 22057 | Orc:4    | Killed Nergalle
 22057 | Orc:4    | Reached skill level 18 in Fighting
 22117 | Orc:4    | Noticed Erolcha
 22143 | Orc:4    | Killed Erolcha
 22216 | Orc:4    | Found a radiant altar of Vehumet.
 22226 | Orc:4    | Found a roughly hewn altar of Beogh.
 22226 | Orc:4    | Found Emneil's Magic Scroll Boutique.
 22228 | Orc:4    | Found Maxumoam's Gadget Shop.
 22286 | Orc:4    | Bought a scroll of identify for 26 gold pieces
 22286 | Orc:4    | Bought a scroll of identify for 26 gold pieces
 22286 | Orc:4    | Bought a scroll of teleportation for 39 gold pieces
 22286 | Orc:4    | Bought 3 scrolls of identify for 78 gold pieces
 22286 | Orc:4    | Bought a scroll of enchant armour for 97 gold pieces
 22286 | Orc:4    | Bought a scroll of identify for 26 gold pieces
 22300 | Orc:4    | Bought a wand of heal wounds (5) for 864 gold pieces
 22356 | Orc:4    | Found Toffoj's Antique Weapon Shop.
 22495 | Orc:4    | Received a gift from Okawaru
 22613 | Orc:4    | Found Tyidif's Jewellery Shoppe.
 22621 | Orc:4    | Bought a +3 ring of protection for 336 gold pieces
 23094 | D:11     | Noticed Snorg
 23109 | D:11     | Killed Snorg
 24705 | D:13     | Received a gift from Okawaru
 24743 | D:13     | You are sucked into a shaft for 2 floors!
 24743 | D:15     | Entered Level 15 of the Dungeon
 24867 | D:15     | Found Dimamnie's Book Emporium.
 25449 | D:15     | Noticed Louise
 25481 | D:15     | Killed Louise
 25481 | D:15     | Reached XP level 16. HP: 109/116 MP: 20/20
 25746 | D:15     | Reached skill level 19 in Fighting
 26191 | D:15     | Received a gift from Okawaru
 26272 | D:15     | Found a staircase to the Depths.
 26894 | D:14     | Noticed Frances
 26914 | D:14     | Killed Frances
 27597 | D:14     | Found a gate to the Vaults.
 28189 | Spider:1 | Entered Level 1 of the Spider Nest
 28534 | Spider:1 | Received a gift from Okawaru
 28751 | Spider:1 | Got a pair of brightly glowing gloves {god gift}
 28816 | Spider:1 | Identified the +2 pair of gloves "Vogaug" {MR+ rCorr Str-5 Int+2} (Okawaru gifted it to you on level 1 of the Spider Nest)
 28869 | Spider:1 | Reached skill level 20 in Fighting
 30095 | Spider:2 | Reached XP level 17. HP: 124/124 MP: 21/21
 31354 | Spider:3 | Noticed Jorgrun
 31363 | Spider:3 | Killed Jorgrun
 31489 | Spider:4 | Entered Level 4 of the Spider Nest
 31489 | Spider:4 | Noticed Aizul
 31538 | Spider:4 | Killed Aizul
 32170 | Spider:4 | Reached skill level 21 in Fighting
 32474 | Spider:4 | Received a gift from Okawaru
 32512 | Spider:4 | Got a crude shield {god gift}
 33038 | Spider:4 | HP: 6/126 [wolf spider (4)]
 33256 | Spider:4 | Got a gossamer rune of Zot
 33300 | Spider:4 | Identified the +0 shield "Doomm" {rN+} (Okawaru gifted it to you on level 4 of the Spider Nest)
 33647 | Depths:1 | Entered Level 1 of the Depths
 33787 | Depths:1 | Reached XP level 18. HP: 129/132 MP: 22/22
 34062 | Depths:1 | Received a gift from Okawaru
 34093 | Depths:1 | Got a transparent hat {god gift}
 34104 | Depths:1 | Identified the +1 hat of Suegolow {rF+++ Regen+ Str-2 Dex-4} (Okawaru gifted it to you on level 1 of the Depths)
 34212 | Depths:1 | Found Dot Nohuhei's One-of-a-Kind Books.
 34284 | Depths:1 | Found a gateway to Hell.
 34605 | Depths:1 | Found a one-way gate leading to the halls of Pandemonium.
 35289 | Depths:1 | Reached skill level 22 in Fighting
 37454 | Depths:2 | Found a gateway to a ziggurat.
 37492 | Depths:2 | Noticed a lich
 37498 | Depths:2 | Received a gift from Okawaru
 37508 | Depths:2 | Killed a lich
 37515 | Depths:2 | Reached XP level 19. HP: 128/140 MP: 23/23
 37555 | Depths:2 | Got a fine pewter ring
 37566 | Depths:2 | Found a deep blue altar of Sif Muna.
 38155 | Depths:2 | Noticed a lich
 38164 | Depths:2 | Killed a lich
 38227 | Depths:2 | Identified the ring of the Ancient Songs {rN+ MR+ Str+3 SInv} (You took it off a wizard on level 2 of the Depths)
 38364 | Depths:4 | Noticed Xtahua
 38476 | Depths:4 | Killed Xtahua
 38476 | Depths:4 | Reached skill level 23 in Fighting
 39246 | Depths:3 | Found a runed door.
 39570 | Depths:3 | HP: 7/142 [tengu reaver/bolt of acid (27)]
 39570 | Depths:3 | Splashed by a tengu reaver's acid

Vault maps used:
D:1:      co_arrival_square_in_a_square_in_a_square, minmay_misc_feat_hallway
D:3:      minmay_misc_feat_rugged, minmay_misc_feat_iff
D:4:      lemuel_coloured_pillars_altar, kennysheep_generic_room_10
D:5:      first_bread
D:6:      lemuel_crystal_altar, nicolae_sextant, kennysheep_generic_room_9
D:7:      makhleb_grotto_becter, overflow_temple_1_default,
          minmay_temple_entry_large_hall, nicolae_ossuary_entry_ruins,
          kennysheep_generic_room_16, uniq_pikel
D:8:      nicolae_gozag_cash_rules_everything_around_me, kennysheep_mini,
          amethyst_overflow_temple_binary, due_lair_maze_entry_diamond,
          hangedman_little_slice_of_home, nicolae_qazlal_eye_of_the_storm,
          uniq_grum
D:9:      minmay_orc_entry_temple_small, minmay_misc_feat_doors,
          makhleb_blood_cavern_becter
D:10:     serial_shops, shop
D:11:     uniq_snorg
D:13:     spider_trap, hex_medium, minivault_8, uniq_urug
D:14:     grunt_vaults_entry_tiered, hangedman_decor_opposing, uniq_frances
D:15:     grunt_enter_depths_hoard, nicolae_lava_and_water, serial_shops,
          nicolae_shop_trees, uniq_louise
Temple:   circular_temple_pool_12
Lair:2:   bobbens_dragon_lair_wall, grunt_megastairs_2,
          infiniplex_staircase_pool_2
Lair:3:   special_room, infiniplex_staircase_pool, grunt_megastairs_3,
          serial_bayou_shore_a
Lair:4:   minmay_lair_oklob_chamber, nicolae_spider_entry_tight_spaces,
          portal_ice_cave_entry_imps
Lair:5:   minmay_swamp_entry_worms, uniq_kirke, uniq_rupert
Lair:6:   nicolae_slime_entry_slimehenge, minmay_holes,
          kennysheep_basilisk_garden
Lair:7:   beast_lair_carwin_2
Lair:8:   evilmike_catoblepas_cave, uniq_maud
Spider:1: special_room
Spider:2: hangedman_spider_tarantella_strand, nicolae_spider_cling_ruins
Spider:3: uniq_jorgrun
Spider:4: spider_rune_water, nicolae_orb_island, uniq_aizul
Orc:1:    serial_shops, shop, shop, nicolae_shop_stone, shop,
          nicolae_orc_pool_cavern, trog_book
Orc:2:    orc_temple
Orc:3:    uniq_harold
Orc:4:    kennysheep_orc_mage_school, serial_shops, nicolae_shop_trees
Depths:1: serial_co_window_serial, co_window_corner_a, co_window_paths_a,
          co_window_corner_a, co_window_corner_a, co_window_corner_a,
          co_window_cross_2, co_window_cross_3, co_window_corner_b,
          co_window_unsneaky_path_b, co_window_unsneaky_path_b,
          co_window_of_opportunity_c, co_window_broadway_a, glass_columns_a,
          glass_columns_a, glass_columns_a, hell_entry, rand_demon_pan_entry_5,
          nicolae_rare_books
Depths:2: evilmike_library_of_no_secrets, enter_ziggurat_f,
          hangedman_geh_valley, kennysheep_boxes, infiniplex_staircase_door_maze
Depths:3: box_level_dp, pan_entry, hell_entry, abyss_entry
Depths:4: minmay_fractal_lines_corner, lightli_too_deep, nrook_mini_vaults,
          abyss_entry_small_statue_room, infiniplex_staircase_star,
          roderic_lattice_octagonal_star, uniq_xtahua
IceCv:    ice_cave_small_giant

Action                   |  1- 3 |  4- 6 |  7- 9 | 10-12 | 13-15 | 16-18 | 19-21 || total
-------------------------+-------+-------+-------+-------+-------+-------+-------++-------
Melee: Flail             |   124 |   305 |   229 |       |       |       |       ||   658
       Morningstar       |       |       |    57 |   314 |       |       |       ||   371
       Great mace        |       |       |       |   447 |  1433 |  1363 |   220 ||  3463
Invok: Heroism           |       |       |     1 |     9 |    14 |    14 |     8 ||    46
       Finesse           |       |       |       |       |     2 |     5 |     2 ||     9
 Abil: Fly               |       |       |       |       |     1 |       |       ||     1
Evoke: Wand              |       |       |     1 |     3 |     1 |    11 |    12 ||    28
  Use: Potion            |       |     1 |     1 |     5 |    19 |     8 |     3 ||    37
       Scroll            |       |    11 |     9 |    20 |    12 |    32 |     6 ||    90
  Eat: Bread ration      |     1 |       |     1 |     1 |     5 |       |       ||     8
       Beef jerky        |       |     1 |     3 |       |       |       |       ||     4
       Meat ration       |       |     1 |     1 |       |     3 |     9 |     2 ||    16
       Fruit             |       |       |     5 |       |     2 |     1 |       ||     8
       Pizza             |       |       |     1 |     1 |       |     1 |       ||     3
       Chunk             |       |       |     1 |     2 |       |       |       ||     3
       Royal jelly       |       |       |       |    10 |       |       |       ||    10
